 Dungeon Crawl Stone Soup version 0.32-a0-814-g0968bab981 (webtiles) character file.

Game seed: 18186714583423625536

240 Elsrick the Trooper (level 5, -3/46 HPs)
             Began as a Draconian Fighter on Mar 23, 2024.
             Incinerated by a bombardier beetle (6 damage)
             ... with a burning spray
             ... on level 4 of the Dungeon.
             The game lasted 00:06:13 (2361 turns).

Elsrick the Trooper (Draconian Fighter)             Turns: 2361, Time: 00:06:13

Health: -3/46      AC:  6    Str: 18    XL:     5   Next: 79%
Magic:  5/5        EV: 11    Int:  9    God:
Gold:   160        SH:  4    Dex: 12    Spells: 4/4 levels left

rFire   . . .        g - +2 dagger (venom)
rCold   + . .        b - +0 buckler
rNeg    . . .        (body armour unavailable)
rPois   .            (helmet restricted)
rElec   .            (no cloak)
rCorr   .            (no gloves)
SInv    .            n - +0 pair of boots
Will    .....        (no amulet)
Stlth   +            e - ring of protection from cold
HPRegen 0.27/turn    (no ring)
MPRegen 0.09/turn

%: no passive effects
@: on fire, glowing
A: AC +5, unfitting armour, cold-blooded
a: no special abilities


You were on level 4 of the Dungeon.
You visited 1 branch of the dungeon, and saw 4 of its levels.

You collected 160 gold pieces.

Inventory:

Hand Weapons
 a - a +0 war axe
 g - a +2 dagger of venom (weapon)
 l - a +1 long sword of holy wrath
 u - a +1 short sword of venom
Armour
 b - a +0 buckler (worn)
 n - a +0 pair of boots (worn)
Jewellery
 e - a ring of protection from cold (left hand)
 f - a ring of flight
 o - an amulet of faith
Wands
 r - a wand of paralysis (8)
Scrolls
 d - 2 scrolls of immolation {unknown}
 j - 2 scrolls of fog {unknown}
 k - a scroll of identify {unknown}
 m - 2 scrolls of teleportation {unknown}
 t - 2 scrolls of noise {unknown}
 w - a scroll of poison {unknown}
 x - a scroll of fear {unknown}
Potions
 c - a potion of might
 h - 3 potions of curing {unknown}
 i - a potion of heal wounds {unknown}
 p - a potion of lignification {unknown}
 q - a potion of mutation {unknown}
 s - 2 potions of invisibility {unknown}
 v - a potion of ambrosia {unknown}


   Skills:
 + Level 4.2 Fighting
 * Level 3.1 Short Blades
 + Level 2.5 Axes
 + Level 3.8 Dodging
 + Level 3.6 Shields


You had 4 spell levels left.
You didn't know any spells.
Your spell library was empty.

Dungeon Overview and Level Annotations

Branches:
Dungeon (4/15)
 Temple: D:4-7

Altars:

Shops:
D:4 [


Innate Abilities, Weirdness & Mutations

Your plain brown scales are hard. (AC +5)
You cannot fit into any form of body armour.
You are cold-blooded and may be slowed by cold attacks.


Message History

The bombardier beetle is moderately wounded.
The liquid fire burns you! The adder bites you but does no damage.
You barely miss the bombardier beetle.
The bombardier beetle is moderately wounded.
The liquid fire burns you!
The bombardier beetle barely misses you.
You block the adder's attack.
You hit the bombardier beetle but do no damage.
The bombardier beetle is poisoned.
You tail-slap the bombardier beetle.
The bombardier beetle is heavily wounded.
The liquid fire burns you!
* * * LOW HITPOINT WARNING * * *
The adder bites you.
* * * LOW HITPOINT WARNING * * *
You hit the adder.
The adder looks as sick as possible!
The adder is almost dead.
The liquid fire burns you!
* * * LOW HITPOINT WARNING * * *
You kill the adder!
The bombardier beetle closely misses you.
You hit the bombardier beetle.
Your tail-slap misses the bombardier beetle.
The bombardier beetle is severely wounded.
The liquid fire burns you!
You barely miss the bombardier beetle.
The bombardier beetle is almost dead.
The bombardier beetle sprays incendiary fluid at you.
The burning spray hits you.
You are covered in liquid fire!
You hit the bombardier beetle but do no damage.
The bombardier beetle looks as sick as possible!
You tail-slap the bombardier beetle.
You kill the bombardier beetle!
The liquid fire burns you!
* * * LOW HITPOINT WARNING * * *
Your Short Blades skill increases to level 3!
You shake off some of the fire as you move.
The liquid fire burns you!
You die...

S..## ##.## .# ...#
.....##...# .# ... ##
..........##.##. #.. .#
..............#.###.##.#
.....∩............#....###
............#..#.####....##
...§....##..##...##.......#
......##†........#........#
..........@###...#.......##
.............###.)......##
##(.......##........#....#
#........##.......##....#
.>........###..#####....#
.....#...## #..# #...##
....##...# #...# #...##
.... ........### ###..# ..
..$.....# ##<#


There were no monsters in sight!

Vanquished Creatures
  A phantom (D:4)
  A bombardier beetle (D:4)
  4 adders
  3 dart slugs
  9 orcs (D:3)
  8 endoplasms
  2 giant cockroaches (D:2)
  7 goblins
  12 hobgoblins
  6 kobolds
  2 quokkas (D:1)
  8 ball pythons
  3 bats
  4 frilled lizards
  4 rats
74 creatures vanquished.

Notes
Turn   | Place    | Note
-------+----------+-------------------------------------------
     0 | D:1      | Elsrick the Draconian Fighter began the quest for the Orb.
     0 | D:1      | Reached XP level 1. HP: 19/19 MP: 1/1
   237 | D:1      | Reached XP level 2. HP: 14/26 MP: 2/2
   986 | D:2      | Reached XP level 3. HP: 31/33 MP: 3/3
  1063 | D:2      | Reached skill level 1 in Short Blades
  1697 | D:3      | Reached XP level 4. HP: 16/40 MP: 4/4
  2001 | D:3      | Reached skill level 4 in Fighting
  2297 | D:4      | Noticed a phantom
  2303 | D:4      | Found Rob Olle's Antique Armour Boutique.
  2315 | D:4      | Killed a phantom
  2316 | D:4      | Reached XP level 5. HP: 39/46 MP: 5/5
  2361 | D:4      | Incinerated by a bombardier beetle

Illustrated notes

Levels and vault maps discovered:
D:1:      orjb1_lava_funnel, layout_loops_ring, st_stairs_14,
          minmay_door_square, wad_floor_pattern_2
D:2:      layout_loops_ring, minivault_24
D:3:      corexii_shack_village, layout_basic
D:4:      layout_cave_pools, tgw_sif, minmay_temple_entry_waves, serial_shops,
          nicolae_shop_getting_attention, kennysheep_decorative_pillar,
          uniq_menkaure

Skill      XL: |  1  2  3  4  5 |
---------------+----------------+-----
Dodging        | 3 |  3.8
Short Blades   | 1 2 3 |  3.1
Fighting       | 4 |  4.2
Axes           | |  2.5
Shields        | |  3.6

Action                     |  1- 3 |  4- 6 || total
---------------------------+-------+-------++-------
  Melee: War axe           |    25 |       ||    25
         Tailslap          |    12 |    17 ||    29
         Dagger            |    93 |    96 ||   189
   Stab: Sleeping          |     1 |       ||     1
 Armour: Skin              |    79 |    51 ||   130
  Dodge: Dodged            |    56 |    50 ||   106
  Block: Buckler           |    20 |    15 ||    35

Table legend: (Time is in decaauts)
 A = Elapsed time spent in this place.
 B = Non-inter-level travel time spent in this place.
 C = Inter-level travel time spent in this place.
 D = Time resting spent in this place.
 E = Time spent auto-exploring this place.
 F = Levels seen in this place.
 G = Mean time per level.
                   A        B        C        D        E       F      G
               +--------+--------+--------+--------+--------+-----+--------+
         Total |   2365 |   2354 |     11 |    195 |   1422 |   4 |  591.2 |
       Dungeon |   2365 |   2354 |     11 |    195 |   1422 |   4 |  591.2 |
               +--------+--------+--------+--------+--------+-----+--------+

Top non-repeatable levels by time:
     D:1: 938 daAuts
     D:3: 796 daAuts
     D:2: 548 daAuts
     D:4: 81 daAuts
